Cogmind - Beta 15 @@@ ROGUE MODE // 2025.09.22 @ 23:41:52 Player: Vimes Result: Destroyed by DB-GMV(R) with Subdweller Shrapnel Launcher Performance ------------- Evolutions (0) 0 Regions Visited (2) 400 Robots Destroyed (3) 15 Value Destroyed (114) 114 Prototype IDs (0) 0 Alien Tech Used (0) 0 Bonus (0) 0 TOTAL SCORE: 529 Bonus ------- None Cogmind --------- Core Integrity 0/250 Matter 223/300 Energy 250/250 System Corruption 1% Temperature Cool (0) Movement Treading (160) Location -10/Subcaves Parts ------- > --- POWER (1) -------- Ion Engine > --- PROPULSION (2) --- Light Treads Light Treads > --- UTILITY (2) ------ Small Storage Unit Seismic Detector > --- WEAPON (2) ------- Battle Rifle > --- INVENTORY (8) ---- Light Ion Engine Aluminum Leg Heat Sink Light Armor Plating EM Pulse Gun Medium Laser Scrap Shield Fragment (47) Peak State ------------ > --- POWER ------------ Subdweller Power Source > --- PROPULSION ------- Light Treads Light Treads > --- UTILITY ---------- Small Storage Unit Seismic Detector > --- WEAPON ----------- Medium Laser Light Assault Rifle > --- INVENTORY -------- Ion Engine Light Ion Engine Aluminum Leg Heat Sink Light Armor Plating EM Pulse Gun Battle Cannon Scrap Shield Fragment [Rating: 9] Favorites ----------- Power Ion Engine Engine Ion Engine Propulsion Light Treads Treads Light Treads Utility Small Storage Unit Device Seismic Detector Storage Small Storage Unit Weapon Medium Laser Energy Gun Medium Laser Ballistic Gun Light Assault Rifle Ballistic Cannon Battle Cannon Build | -11 -10 -10 ------- Run | Yrd Mat Sub Slots Evolved . | . . . Power . | . . . Propulsion . | . . . Utility . | . . . Weapon . | . . . Parts Attached 13 | 7 1 5 Power 4 | 2 . 2 Engine 4 | 2 . 2 Core . | . . . Reactor . | . . . Propulsion 2 | 2 . . Treads 2 | 2 . . Leg . | . . . Wheel . | . . . Hover . | . . . Flight . | . . . Utility 2 | 1 1 . Device 1 | . 1 . Storage 1 | 1 . . Processor . | . . . Hackware . | . . . Protection . | . . . Artifact . | . . . Weapon 5 | 2 . 3 Energy Gun 2 | 1 . 1 Energy Cannon . | . . . Ballistic Gun 2 | 1 . 1 Ballistic Cannon 1 | . . 1 Launcher . | . . . Special Weapon . | . . . Impact Weapon . | . . . Slashing Weapon . | . . . Piercing Weapon . | . . . Special Melee Weapon . | . . . Unidentified Prototypes . | . . . Parts Lost 1 | . . 1 Power . | . . . Propulsion . | . . . Utility . | . . . Weapon 1 | . . 1 Highest Loss Streak 1 | . . 1 To Critical Strikes . | . . . Average Backups 4 | 1 3 6 Power 1 | . 1 1 Propulsion . | . . 1 Utility 1 | . . 2 Weapon 1 | . 1 1 Tool/Special . | . . . Unused Backups 3 | . . 3 Power . | . . . Propulsion 1 | . . 1 Utility 2 | . . 2 Weapon . | . . . Tool/Special . | . . . Average Slot Usage (%) 99 | . 98 100 Engine 14 | . 14 14 Treads 28 | . 28 28 Device 13 | . 12 14 Storage 14 | . 14 14 Energy Gun 13 | . 14 13 Ballistic Gun 14 | . 14 14 Peak Build Rating 9 | 6 7 9 Average Rating 7 | 4 6 7 On Entrance 4 | . 6 7 Naked Turns . | . . . Heaviest Build 16 | 13 14 16 Greatest Support 40 | 40 40 40 Greatest Overweight (x) . | . . . Average Overweight (x) . | . . . Largest Inventory Capacity 8 | 8 8 8 Average Capacity 7 | 6 8 8 Most Carried 8 | 4 6 8 Average Carried 5 | 1 3 6 Final Capacity 8 | 8 8 8 Final Carried 7 | 2 6 7 Class Distribution -------------------- 100% | Mutant Dominant Class ---------------- Mutant | -10/Materials Mutant | -10/Subcaves Resources | -11 -10 -10 ----------- Run | Yrd Mat Sub Matter Collected 325 | 225 44 56 Remotely . | . . . Salvage Created 146 | . 44 102 Parts 7 | . 3 4 Haulers Intercepted . | . . . Recyclers Shooed . | . . . Parts Field Recycled . | . . . Retrieved Matter . | . . . Parts Self-Destructed . | . . . Prevented . | . . . Kills | -11 -10 -10 ------- Run | Yrd Mat Sub Combat Hostiles Destroyed 3 | . 1 2 Guns 3 | . 1 2 Classes Destroyed 2 | . 1 1 Grunt 1 | . 1 . Subdweller 2 | . . 2 Best Kill Streak 2 | . 1 2 Combat Bots Only 2 | . 1 2 Max Kills in Single Turn 1 | . 1 1 Gunslinging . | . . . Exploded . | . . . Melee . | . . . Uniques/NPCs Destroyed . | . . . Combat | -11 -10 -10 -------- Run | Yrd Mat Sub Hostile Shots Fired 38 | . . 38 Missed 11 | . . 11 Hits 27 | . . 27 Projectile 27 | . . 27 AOE 7 | . . 7 Critical Strikes 1 | . . 1 Damage Taken 928 | . 6 922 Core 258 | . . 258 Absorbed by Shields . | . . . Core Remaining (%) 100 | 100 . . Volleys Fired 17 | . 4 13 Largest 2 | . 2 2 Hottest 70 | . 70 70 Shots Fired 34 | . 8 26 Gun 30 | . 8 22 Cannon 4 | . . 4 Launcher . | . . . Special . | . . . Kinetic 21 | . 4 17 Thermal 13 | . 4 9 Explosive . | . . . Electromagnetic . | . . . Robot Hit Streak 11 | . 2 11 Robot Miss Streak 3 | . . 3 Penetration Max . | . . . Secondary Targets . | . . . Shots Hit Robots 20 | . 2 18 Core Hits 8 | . 2 6 Critical Kills . | . . . Critical Parts Destroyed . | . . . Critical Strikes 1 | . . 1 Blast 1 | . . 1 Melee Attacks . | . . . Impact . | . . . Slashing . | . . . Piercing . | . . . Sneak Attacks . | . . . Combat Hostiles . | . . . Follow-up Attacks . | . . . Damage Inflicted 271 | . 27 244 Guns 205 | . 21 184 Cannons 60 | . . 60 Explosions . | . . . Melee . | . . . Ramming 6 | . 6 . Kinetic 155 | . 9 146 Thermal 110 | . 12 98 Explosive . | . . . Electromagnetic . | . . . Impact . | . . . Slashing . | . . . Piercing . | . . . Highest Corruption 1 | . 1 1 Average Corruption 1 | . 1 1 Corruption Purged . | . . . Corruption Blocked . | . . . Effects 11 | . 2 9 Message Errors 3 | . . 3 Matter Fused 4 | . 1 3 Heat Flow Errors 3 | . 1 2 Data Loss (minor) 1 | . . 1 Overload Shots . | . . . Overflow Damage . | . . . Projectiles . | . . . Explosions . | . . . Melee . | . . . Knockbacks . | . . . Impact . | . . . Kinetic . | . . . Secondary . | . . . Self-Inflicted Damage 6 | . 6 . Shots . | . . . Rammed . | . . . Targets Rammed . | . . . Kicked . | . . . Crushed . | . . . Highest Temperature 230 | . 169 230 Average Temperature 68 | . 52 87 Received Heat Transfer 69 | . . 69 Siege Activations . | . . . Martial Activations . | . . . Shielding Activations . | . . . Robots Disrupted . | . . . Combat Hostiles . | . . . Robots Corrupted . | . . . Combat Hostiles . | . . . Parts Fried . | . . . Impact Corruptions . | . . . Robots Melted . | . . . Combat Hostiles . | . . . Parts Melted . | . . . Heat Transferred 333 | . 37 296 Parts Sabotaged . | . . . Parts Stolen . | . . . Parts Stripped . | . . . Power Chain Reactions . | . . . Alert | -11 -10 -10 ------- Run | Yrd Mat Sub Maximum Alert Level . | . . . Low Security (%) 100 | 100 100 . Level 1 . | . . . Level 2 . | . . . Level 3 . | . . . Level 4 . | . . . Level 5 . | . . . High Security . | . . . Max Security . | . . . Peak Influence 30 | . 30 . Initial . | . . . Average 1 | . 1 . Influence Increases 30 | . 30 . Destroy 0b10 Robot/C 20 | . 20 . Destroy Leader 10 | . 10 . Influence Decreases 30 | . 30 . Time Decay 30 | . 30 . Squads Dispatched 1 | . 1 . Investigation 1 | . 1 . Extermination . | . . . Reinforcement . | . . . Assault . | . . . Garrison . | . . . Intercept . | . . . Searches Triggered . | . . . Construction Impeded . | . . . Haulers Reinforced . | . . . Active Scanning Responses . | . . . Cargo Convoy Interrupts . | . . . Stealth | -11 -10 -10 --------- Run | Yrd Mat Sub Distress Signals . | . . . Communications Jammed . | . . . Distress Signals . | . . . Times Spotted 7 | . 2 5 Peak Tracking Total 3 | . 2 3 Tactical Retreats . | . . . Traps | -11 -10 -10 ------- Run | Yrd Mat Sub Traps Triggered 1 | . 1 . Indirectly . | . . . Trap Hack Attempts . | . . . Triggered . | . . . Disarmed . | . . . Reprogrammed . | . . . Reused . | . . . Traps Extracted . | . . . Installed . | . . . Triggered . | . . . Machines | -11 -10 -10 ---------- Run | Yrd Mat Sub Machines Disabled . | . . . Max in Single Turn . | . . . Machines Repaired . | . . . Machines Dismantled . | . . . Machines Sabotaged . | . . . Overloaded Fab Kills . | . . . Hacking | -11 -10 -10 --------- Run | Yrd Mat Sub Machines Accessed . | . . . Terminals . | . . . Fabricators . | . . . Repair Stations . | . . . Recycling Units . | . . . Scanalyzers . | . . . Garrison Access . | . . . Total Hacks . | . . . Successful . | . . . Failed . | . . . Catastrophic . | . . . Database Lockouts . | . . . Manual . | . . . Terminals . | . . . Fabricators . | . . . Repair Stations . | . . . Recycling Units . | . . . Scanalyzers . | . . . Garrison Access . | . . . Terminal Hacks . | . . . Fabricator Hacks . | . . . Repair Station Hacks . | . . . Recycling Unit Hacks . | . . . Scanalyzer . | . . . Garrison Access Hacks . | . . . Unauthorized Hacks . | . . . Terminals . | . . . Fabricators . | . . . Repair Stations . | . . . Recycling Units . | . . . Scanalyzers . | . . . Garrison Access . | . . . Data Cores Recovered . | . . . Used . | . . . Hacking Detections . | . . . Full Trace Events . | . . . Feedback Events . | . . . Feedback Blocked . | . . . Robot Schematics Acquired . | . . . Robots Built . | . . . Authchips . | . . . Time . | . . . Total Robot Build Rating . | . . . Part Schematics Acquired . | . . . Parts Built . | . . . Authchips . | . . . Time . | . . . Total Part Build Rating . | . . . Parts Repaired . | . . . Time . | . . . Parts Recycled . | . . . Recycled Matter . | . . . Retrieved Matter . | . . . Retrieved Components . | . . . Parts Scanalyzed . | . . . Part Schematics Acquired . | . . . Parts Damaged . | . . . Bothacking | -11 -10 -10 ------------ Run | Yrd Mat Sub Used RIF Installer . | . . . Robots Hacked . | . . . Non-combat . | . . . Combat . | . . . Robot Hacks Applied . | . . . Relay Couplers Released . | . . . Fabnet Peak Effective % . | . . . Robots Rewired . | . . . Allies Hacked . | . . . Hacks Repelled . | . . . Allies | -11 -10 -10 -------- Run | Yrd Mat Sub Total Allies . | . . . Largest Group . | . . . Highest-Rated Group . | . . . Highest-Rated Ally . | . . . Total Orders . | . . . Ally Attacks . | . . . Total Damage . | . . . Kills . | . . . Allies Corrupted . | . . . Allies Melted . | . . . Intel | -11 -10 -10 ------- Run | Yrd Mat Sub Active Infowar (turns) 959 | . 313 646 Seismic 959 | . 313 646 Robot Analysis Total . | . . . Derelict Logs Recovered 1 | . . 1 Drone Launches . | . . . Drone Recoveries . | . . . Exploration | -11 -10 -10 ------------- Run | Yrd Mat Sub Turns Passed 1079 | 66 367 646 Spaces Moved 530 | 41 124 365 Core 13 | 13 . . Treads 517 | 28 124 365 Legs . | . . . Wheels . | . . . Hover . | . . . Flight . | . . . Fastest Speed 50 | 50 160 160 Average Speed 157 | 125 160 160 Slowest Speed 160 | 160 160 160 Overloaded Moves . | . . . Propulsion Burnouts . | . . . Robots Hopped . | . . . Potential Cave-ins . | . . . Cave-ins Triggered . | . . . Exploration Rate (%) 18 | 3 19 33 Regions Visited 2 Branch Regions 1 Pre-discovered Areas . | . . . Known Exits Taken . | . . . Unknown Exits Taken 2 | 1 1 . Scrap Searched . | . . . Spaces Dug . | . . . Terrain Destroyed . | . . . Melee . | . . . Projectile . | . . . AOE . | . . . Terrain Rammed 1 | . 1 . Walls Destroyed . | . . . Machines Disabled . | . . . Actions | -11 -10 -10 --------- Run | Yrd Mat Sub Total 743 | 55 285 403 Wait 164 | . 151 13 Move 528 | 40 123 365 Hop . | . . . Pick Up 17 | 8 5 4 Fast Attach . | . . . Attach 8 | 6 1 1 Detach . | . . . Swap 5 | 1 . 4 Drop 3 | . . 3 Fire 17 | . 4 13 Melee . | . . . Ram 1 | . 1 . Kick . | . . . Crush . | . . . Escape Stasis . | . . . Rewire . | . . . Trap . | . . . Miscellaneous . | . . . Route ------- -11/Scrapyard -10/Materials -10/Subcaves History --------- Turn | Location | Event 6 | -11/Scrapyard | Discovered new exit (range 15) 67 | -11/Scrapyard | Entered Materials 313 | -10/Materials | Build established: Mutant 412 | -10/Materials | Discovered new exit (range 15) 434 | -10/Materials | Entered Subcaves 435 | -10/Subcaves | Approached by a straggling Scientist 550 | -10/Subcaves | Shifting Twisted Machinery released Sub. Laser 886 | -10/Subcaves | Shifting Twisted Machinery released Sub. Laser 924 | -10/Subcaves | Shifting Twisted Machinery released Battle Rifle 1061 | -10/Subcaves | Core integrity fell below 50% 1065 | -10/Subcaves | Ambushed by Subdweller buried in earth 1075 | -10/Subcaves | Core integrity fell below 20% 1080 | -10/Subcaves | Destroyed by DB-GMV(R) with Subdweller Shrapnel Launcher Last Messages --------------- 00935_ Dropped Broken Sub. Power Source. WH-I7H(c): "I think it's somewhere south of here" 00966_ Acquired Battle Rifle. 00978_ Dropped Lgt. Assault Rifle. 00982_ System corrupted: Component data lost. WH-I7H(c): "We're getting close, I can feel it." 01045_ Acquired derelict log, extracted data. Data stored: Mines entrances (x2). WH-I7H(c): "I think it's somewhere southeast of here" 01063_ WH-I7H(c) destroyed. 01065_ System corrupted: Heat flow error (+241). 01065_ Machine disabled. 01066_ 0W-IPM(R): "FREEEEDUMB!" 01067_ 0W-IPM(R) destroyed. 01067_ 2X-U6J(R) suffers critical hit (Blast). 01076_ Clippyterm disabled. 01076_ Sealed Doors breached. 01080_ Battle Cannon destroyed. Map ----- +----------------------------------------------------+ | ?????????????????????????????????????????????????? | | ?????????????????????????????????????????????????? | | ????????????????????????????####?????????????????? | | ???????????????????????????## #####????#####???? | | ?????????????????????????### #???## ##??? | | ?????????????????????????? ##??# #??? | | ???????????????????? ###? ##?# #??? | | ???????????????? ?? ? ### #??? | | ?????????????? ? ????# ## ###??? | | ????????????? ?# ????????# * #????? | | ?????? ????? ## #????????# ##???? | | ???? ???? #?????#### #???? | | ???? ???? #????## [ #???? | | ????# ???# ?????# ### ##??? | | ????# ???# #?????# ####" """#??? | | ???## ??# #?????# #?#"" "" #??? | | ???? ??? ##???## ####" ##" ##??? | | ????? ??? ### ##### #### #####???? | | ??????? ????# #?####???????? | | ????????# ???# ###??##""????? | | ????????## #### """ ###"""" ???? | | ????????# # """ [""""""" ???? | | ?????????# R ;;; """ """""""???? | | ?????????# R ;;;;## """"""#??? | | ???????# # ## ;## "" "#???? | | ???? ??# ?## @ ;## ####"##???? | | ??"" ????? ???# * ;## #?????????? | | ?????????? ???## ; ;;;### #?????????? | | ?????????##?????######;########?# #?????????? | | ?????????????????????##?????????## #?????????? | | ?????????????????????????????????## #?????????? | | ??????????????????????????????????## ###???????? | | ???????????????????????????????????## ####????? | | ????????????????????????????????????### #????? | | ??????????????????????????????????????# #????? | | ?????????????????????????????????????## ##????? | | ????????????????????????????????????## ##?????? | | ????????????????????????????????????# ###??##??? | | ????????????????????????????????????# ##??# ##?? | | ???? ???????????????????????????????## ### #?? | | ???? ???????????????????????????????# #?? | | ??? ##???????????????????????????##% % ##?? | | ??? ##???????????????????????### ##?? | | ???? #?????????????????????## #?? | | ?????# #?????#####??????????# #?? | | ??????# ???### #??????????# ##?? | | ???????# ???# #??????????# ### ###??? | | ????????# ##?# ##?????????####??## ##???? | | ???????###% ### #????????????????### ##??? | | ??????## ##?# ##??????????????????# #??? | +----------------------------------------------------+ Best States ------------- Heat Dissipation 25 Energy Generation 15 Energy Capacity 250 Matter Stores 300 Matter Capacity 300 Sight Range 16 Terrain Scan Density 10 Evasion (%) 50 Recoil Reduction 2 Item Schematics ----------------- None Robot Schematics ------------------ None Fabricated ------------ Nothing Repaired ---------- Nothing Alien Tech Used ----------------- None Achievements -------------- None Challenges ------------ None Game ------ Seed SupersonicDisruptionLeg Manual? 0 Play Time 00:12:27 Cumulative 11.5 hours Start 2025.09.22 @ 23:30:44 End 2025.09.22 @ 23:41:52 Sessions 1 Manual Loads 0 Difficulty Rogue Special Mode None Game No. 15 Rogue 15 Adventurer 0 Explorer 0 Win Type - Total 0 Types 0/0/0/0/0/0/0/0/0/0 Lore% 6 Gallery% 14 Achievement% 14 Wizard Run 0 Options --------- Layout 1 ASCII 0 Keyboard 0 Movement Mouse Keybinds 0 Fullscreen 1 Font 24/Smallcaps Map View 50x35 Zoom Use 0% Tactical HUD 1 Map Filters NONE Filters NONE Steam 1 RUN: f80b4242-2d04-47b6-96e7-387e9b7d5e83